 Dungeon Crawl Stone Soup version 0.21.1-1-g345015f (webtiles) character file.

18 chorionicmirror the Conjurer (level 2, -3/20 HPs)
             Began as a Draconian Conjurer on June 9, 2018.
             Was an Initiate of Yredelemnul.
             Slain by Natasha (5 damage)
             ... on level 2 of the Dungeon.
             The game lasted 00:10:55 (971 turns).

chorionicmirror the Conjurer (Draconian Conjurer)    Turns: 971, Time: 00:10:55

Health: -3/20      AC:  6    Str: 10    XL:     2   Next: 48%
Magic:  1/5        EV: 12    Int: 15    God:    Yredelemnul [......]
Gold:   84         SH:  0    Dex: 11    Spells: 4/5 levels left

rFire    x . .     SeeInvis .   s - +0 hand axe (curse)
rCold    + . .     Gourm    .   (no shield)
rNeg     . . .     Faith    .   (armour unavailable)
rPois    .         Spirit   .   (helmet restricted)
rElec    .         Reflect  .   (no cloak)
rCorr    .         Harm     .   d - +1 pair of gloves
MR       +....                  (no boots)
Stlth    ++........             (no amulet)
HPRegen  0.06/turn              l - ring of ice
MPRegen  0.09/turn              q - ring of protection from magic

@: no status effects
A: unfitting armour, cold-blooded, AC +4
a: Renounce Religion


You were on level 2 of the Dungeon.
You worshipped Yredelemnul.
Yredelemnul was noncommittal.
You were hungry.

You visited 1 branch of the dungeon, and saw 2 of its levels.

You collected 84 gold pieces.

Inventory:

Hand Weapons
 c - a +0 dagger
 n - a +0 spear
 o - a +0 dagger
 s - a cursed +0 hand axe (weapon)
Missiles
 g - 16 bolts
 h - 27 arrows
 k - 20 stones (quivered)
 p - 18 poisoned needles
 r - 22 sling bullets
Armour
 d - a +1 pair of gloves (worn)
Jewellery
 l - a ring of ice (left hand)
 q - a ring of protection from magic (right hand)
Scrolls
 m - 4 scrolls of identify
Potions
 i - a potion of agility
Books
 a - a book of Conjurations

   Spells                             Type                      Level
   a - Magic Dart                     Conjuration                  1
   b - Searing Ray                    Conjuration                  2
   c - Dazzling Spray                 Conjuration/Hexes            3
   d - Fulminant Prism                Conjuration/Hexes            4
   e - Force Lance                    Conjuration/Translocation    4
   f - Iskenderun's Mystic Blast      Conjuration                  4
Comestibles
 b - 4 rations
 f - 3 chunks of flesh


   Skills:
 * Level 0.2 Fighting
 * Level 0.6 Short Blades
 + Level 1.8 Dodging
 + Level 1.8 Stealth
 + Level 2.2 Spellcasting
 + Level 4.3 Conjurations


You had 4 spell levels left.
You knew the following spells:

 Your Spells              Type           Power        Failure   Level  Hunger
a - Magic Dart            Conj           ##..         3%          1    #......


Dungeon Overview and Level Annotations

Branches:
Dungeon (2/15)

Altars:
Yredelemnul

Annotations:
D:2 Natasha


Innate Abilities, Weirdness & Mutations

Your plain brown scales are hard. (AC +4)
You cannot fit into any form of body armour.
You are cold-blooded and may be slowed by cold attacks.


Message History

You closely miss the shadow imp.
The shadow imp is heavily wounded.
You hit the crimson imp. You barely miss Natasha. The crimson imp hits you.
* * * LOW HITPOINT WARNING * * *
The shadow imp hits you.
* * * LOW HITPOINT WARNING * * *
Natasha barely misses you.
You barely miss the shadow imp.
The shadow imp is heavily wounded.
You closely miss the crimson imp. You hit Natasha.
The crimson imp barely misses you.
The shadow imp hits you but does no damage.
Natasha casts a spell at you. The magic dart hits you!
* * * LOW HITPOINT WARNING * * *
The crimson imp blinks!
Your surroundings seem slightly different.
Natasha claws you.
You die...
Your body rises from the dead as a mindless zombie.

######## ##......#
.... #@#
..)..##h######
...5..K(ยง....######
....5##5###.......#
K.. #.# #..####.#
#.......# #....##_#
#.####### #.##.##.#
#.##.##.# .#
#.......#


You could see Natasha, a shadow imp and a kobold.

Vanquished Creatures
  A leopard gecko (D:1)
  A giant cockroach (D:1)
  5 goblins
  2 hobgoblins
  2 bats
  A frilled lizard (D:1)
  3 rats (D:1)
15 creatures vanquished.

Notes
Turn   | Place    | Note
-------+----------+-------------------------------------------
     0 | D:1      | chorionicmirror the Draconian Conjurer began the quest for the Orb.
     0 | D:1      | Reached XP level 1. HP: 14/14 MP: 3/3
   270 | D:2      | Reached XP level 2. HP: 20/20 MP: 0/5
   942 | D:2      | Found a basalt altar of Yredelemnul.
   946 | D:2      | Became a worshipper of Yredelemnul the Dark
   961 | D:2      | Noticed Natasha
   966 | D:2      | Noticed a crimson imp
   971 | D:2      | Slain by Natasha

Action                   || total
-------------------------++-------
Melee: Dagger            ||     9
       Tailslap          ||     2
       Hand axe          ||     5
 Cast: Magic Dart        ||    27
  Use: Scroll            ||     4
Armor: Skin              ||     6
Dodge: Dodged            ||    17
